 Dungeon Crawl Stone Soup version 0.20.1-1-g8b1a95d (webtiles) character file.

349 tognito the Cleaver (level 6, -1/76 HPs)
             Began as a Minotaur Berserker on July 6, 2017.
             Was a Believer of Trog.
             Slain by Grinder (5 damage)
             ... on level 4 of the Dungeon.
             The game lasted 00:05:16 (2661 turns).

tognito the Cleaver (Minotaur Berserker)            Turns: 2661, Time: 00:05:16

Health: -1/76      AC:  7    Str: 28    XL:     6   Next: 33%
Magic:  5/5        EV: 11    Int:  4    God:    Trog [**....]
Gold:   112        SH:  0    Dex: 10    Spells: 5/5 levels left

rFire    . . .     SeeInvis .   a - +0 hand axe
rCold    . . .     Gourm    .   (no shield)
rNeg     . . .     Faith    .   n - +0 scale mail
rPois    .         Spirit   .   (helmet restricted)
rElec    .         Reflect  .   (no cloak)
rCorr    .         Harm     .   (no gloves)
MR       ++...                  h - +0 pair of boots
Stlth    ..........             (no amulet)
Regen    1.3/turn               (no ring)
MPRegen  0.1/turn               (no ring)

@: berserking, regenerating, very quick
A: retaliatory headbutt, horns 2
a: Berserk, Trog's Hand, Burn Spellbooks, Renounce Religion


You were on level 4 of the Dungeon.
You worshipped Trog.
Trog was pleased with you.
You were very hungry.

You visited 1 branch of the dungeon, and saw 4 of its levels.

You collected 112 gold pieces.

Inventory:

Hand Weapons
 a - a +0 hand axe (weapon)
Missiles
 o - 20 arrows
Armour
 h - a +0 pair of boots (worn)
 n - a +0 scale mail (worn)
Scrolls
 b - a scroll of enchant weapon {unknown}
 e - 2 scrolls of identify {unknown}
 f - 2 scrolls of fear {unknown}
 i - 4 scrolls of teleportation {unknown}
 j - 3 scrolls of remove curse {unknown}
Potions
 d - 2 potions of flight
 l - 2 potions of heal wounds
 m - a potion of curing
Comestibles
 c - 2 bread rations
 g - 11 fruits
 k - a meat ration


   Skills:
 - Level 3.6 Fighting
 + Level 8.6 Axes
 - Level 2.4 Armour
 - Level 2.1 Dodging


You had 5 spell levels left.
You didn't know any spells.

Dungeon Overview and Level Annotations

Branches:
Dungeon (4/15)
 Temple: D:4-7

Altars:

Annotations:
D:4 Grinder


Innate Abilities, Weirdness & Mutations

You reflexively headbutt those who attack you in melee.
You have a pair of horns on your head.


Message History

Grinder is heavily wounded.
Grinder hits you but does no damage.
Your scale mail prevents you from hitting Grinder.
You headbutt Grinder.
Grinder is severely wounded.
Grinder hits you.
* * * LOW HITPOINT WARNING * * *
You writhe in agony.
* * * LOW HITPOINT WARNING * * *
You barely miss Grinder.
Grinder is severely wounded.
Grinder hits you.
* * * LOW HITPOINT WARNING * * *
You writhe in agony.
* * * LOW HITPOINT WARNING * * *
A red film seems to cover your vision as you go berserk!
You feel yourself moving faster!
You feel mighty!
You are feeling very hungry.
Grinder hits you.
You die...

.. ..# #.# #.# #.#
# #.# #.####.##
..#..5@...#######
.................#
##########.#####.#
#.# #.# #.# #.#
#.# #.# #.#####.#
........#
#.#####.#


You could see Grinder.

Vanquished Creatures
  The ghost of Exporg the Shield-Bearer, an amateur MiFi (D:3)
  Natasha (thrice) (D:3)
  A worker ant (D:3)
  10 adders
  A howler monkey skeleton (D:4)
  An ooze (D:1)
  2 worms
  3 orcs (D:3)
  6 bats
  4 giant cockroaches
  6 goblins
  4 hobgoblins
  2 ball pythons
  6 frilled lizards
  9 kobolds
  6 rats
65 creatures vanquished.

Notes
Turn   | Place    | Note
-------+----------+-------------------------------------------
     0 | D:1      | tognito the Minotaur Berserker began the quest for the Orb.
     0 | D:1      | Reached XP level 1. HP: 19/19 MP: 0/0
    20 | D:1      | Reached skill level 4 in Axes
    59 | D:1      | Reached XP level 2. HP: 25/26 MP: 1/1
   585 | D:1      | Reached skill level 5 in Axes
   692 | D:2      | Reached XP level 3. HP: 31/31 MP: 2/2
   705 | D:2      | Reached ** piety under Trog
  1137 | D:2      | Reached skill level 6 in Axes
  1137 | D:2      | Reached XP level 4. HP: 31/39 MP: 3/3
  1718 | D:3      | Reached skill level 7 in Axes
  1718 | D:3      | Reached XP level 5. HP: 27/45 MP: 4/4
  1877 | D:3      | Noticed Exporg's ghost (amateur MiFi)
  1902 | D:3      | Killed Exporg's ghost
  2021 | D:3      | Noticed Natasha
  2035 | D:3      | Killed Natasha
  2035 | D:3      | Reached skill level 8 in Axes
  2037 | D:3      | Reached XP level 6. HP: 29/51 MP: 5/5
  2062 | D:3      | Noticed Natasha
  2070 | D:3      | Killed Natasha
  2074 | D:3      | Noticed Natasha
  2094 | D:3      | Killed Natasha
  2628 | D:4      | Noticed Grinder
  2632 | D:4      | Paralysed by Grinder for 3 turns
  2646 | D:4      | Paralysed by Grinder for 6 turns
  2660 | D:4      | HP: 2/51 [Grinder (4)]
  2661 | D:4      | Slain by Grinder

Skill      XL: |  1  2  3  4  5 |
---------------+----------------+-----
Axes           | 4 5 6 7 8 |  8.6
Fighting       | |  3.6
Armour         | |  2.4
Dodging        | |  2.1

Action                   |  1- 3 |  4- 6 || total
-------------------------+-------+-------++-------
Melee: Hand axe          |    70 |   102 ||   172
       Headbutt          |     9 |    15 ||    24
Invok: Berserk           |     1 |     2 ||     3
       Trog's Hand       |     1 |     2 ||     3
  Use: Potion            |     4 |       ||     4
  Eat: Chunk             |     2 |     6 ||     8
Armor: Animal skin       |    16 |     2 ||    18
       Scale mail        |       |    34 ||    34
Dodge: Dodged            |    48 |    57 ||   105
